[Event "Early-Titled-Tuesday-Blitz-March-19-2024"]
[Site "Chess.com"]
[Date "2024.03.19"]
[Round "3"]
[White "DavidGavrilescu18"]
[Black "Chess_Gainz"]
[Result "0-1"]
[WhiteElo "2773"]
[BlackElo "2534"]
[TimeControl "180+1"]
[EndTime "8:28:33 PDT"]
[Termination "Chess_Gainz won by checkmate"]

1. e4 d6 2. d4 Nf6 3. Bd3 e5 4. c3 Nbd7 5. Nf3 d5 6. Qe2 dxe4 7. Bxe4 Nxe4 8. Qxe4 Be7 9. Nxe5 Nf6 10. Qf3 O-O 11. O-O c5 12. Be3 Nd5 13. dxc5 Nxe3 14. Qxe3 Qc7 15. b4 Re8 16. Nf3 Bd7 17. Nd4 Bf6 18. Qf3 a5 19. Nd2 axb4 20. Ne4 Be5 21. Ng5 Bxh2+ 22. Kh1 Bf4 23. Nxf7 Kxf7 24. g3 Bc6 25.
Nxc6 Qxc6 26. Qxc6 bxc6 27. gxf4 bxc3 28. Rfc1 Re2 29.
Rxc3 Raxa2 30. Rxa2 Rxa2 31. Kg2 Kf6 32. Rd3 Kf5 33.
Rd6 Rc2 34. Rxc6 Kxf4 35. Rc7 g5 36. c6 h5 37. Rc8 Kg4 38. Kf1 h4 39. Ke1 h3 40.
Kf1 Rc1+ 41. Ke2 h2 42. f3+ Kg3 43. Rg8 h1=Q 44. Rxg5+ Kf4 45. Rg4+ Kf5 46. Re4 Qe1+ 47. Kd3 Qc3+ 48. Ke2 Rc2+ 49. Kf1 Qa1+ 50. Re1 Rc1 51. Rxc1 Qxc1+ 52. Kg2 Qxc6 53. Kg3 Kg5 54. f4+ Kf5 55. Kf2 Qc3 56. Ke2 Kxf4 57. Kd1 Qb2 58. Ke1 Ke3 59. Kd1 Qd2# 0-1

[Event "Early-Titled-Tuesday-Blitz-March-19-2024"]
[Site "Chess.com"]
[Date "2024.03.19"]
[Round "3"]
[White "Kostya0705"]
[Black "willcab71"]
[Result "1-0"]
[WhiteElo "2577"]
[BlackElo "2124"]
[TimeControl "180+1"]
[EndTime "8:28:33 PDT"]
[Termination "Kostya0705 won by resignation"]

1. e4 e6 2. d4 d5 3. Nc3 Bb4 4.
e5 Ne7 5. a3 Bxc3+ 6. bxc3 c5 7.
Qg4 O-O 8. Bd3 c4 9. Bh6 Ng6 10. Bxg6 fxg6 11. Be3 Nc6 12. h4 Qe8 13. Nf3 Ne7 14.
h5 gxh5 15. Rxh5 Nf5 16. Bf4 g6 17. Rh3 Rf7 18. Ng5 Rg7 19. Kd2 h5 20. Qg3 Bd7 21. Qf3 a5 22. Rah1 Kf8 23. g4 hxg4 24. Rh8+ Rg8 25.
Rxg8+ Kxg8 26. Qxg4 Qe7 27. Rh7 Qxh7 28. Nxh7 Kxh7 29.
Qg5 Rf8 30. a4 Bxa4 31. Qg1 Bc6 32. Bg5 Kg8 33. Bh6 Nxh6 34. Qxg6+ Kh8 35. Qxh6+ Kg8 36.
Qxe6+ Rf7 37. Qg6+ Kf8 38. e6 Rxf2+ 39. Ke3 Rf1 40. Ke2 Rf4 41. Qh6+ Ke7 42. Qxf4 Kxe6 43. Qc7 a4 44. Qa5 Kf5 45. Kf3 Kg5 46. Qd8+ Kf5 47.
Qe7 a3 48. Qe5+ Kg6 49. Qd6+ Kf5 50. Qxa3 Ke6 51. Qc5 Bd7 52. Kf4 Bc6 53. Kg5 Ba4 54. Qc8+ Bd7 55. Qxb7 Kd6 56. Qb6+ Bc6 57. Kf6 Kd7 58.
Qc5 1-0

[Event "Early-Titled-Tuesday-Blitz-March-19-2024"]
[Site "Chess.com"]
[Date "2024.03.19"]
[Round "3"]
[White "amylazy"]
[Black "Yushko_Olga"]
[Result "1-0"]
[WhiteElo "2421"]
[BlackElo "2207"]
[TimeControl "180+1"]
[EndTime "8:28:33 PDT"]
[Termination "amylazy won on time"]

1. d4 e6 2. Nf3 Nf6 3. e3 d5 4. Bc4 dxc4 5. O-O Be7 6. b3 cxb3 7. axb3 c5 8. c4 cxd4 9. exd4 O-O 10. Nc3 b6 11.
Qe2 Bb7 12. Rd1 Bb4 13. Bb2 Bxc3 14. Bxc3 Nc6 15. d5 exd5 16. cxd5 Nxd5 17. Qb2 f6 18. b4 Nce7 19. b5 Qc7 20. Be1 Rac8 21. Nd4 Qe5 22. Rxa7 Rc7 23. Qb3 Kh8 24. Nc6 Nxc6 25. bxc6 Bxc6 26.
Rxc7 Nxc7 27. Bb4 Re8 28. h3 Nd5 29. Bd2 Nf4 30. Re1 Ne2+ 31. Kf1 Bb5 32. Be3 Qh2 33. Qxb5 Rc8 34. Kxe2 Qxg2 35. Qf5 Ra8 36. Rc1 Ra2+ 37. Bd2 1-0

[Event "Early-Titled-Tuesday-Blitz-March-19-2024"]
[Site "Chess.com"]
[Date "2024.03.19"]
[Round "3"]
[White "EternalNight8"]
[Black "AlexandraSamaganova"]
[Result "1-0"]
[WhiteElo "2502"]
[BlackElo "2315"]
[TimeControl "180+1"]
[EndTime "8:28:34 PDT"]
[Termination "EternalNight8 won on time"]

1. d4 Nf6 2. Bg5 Ne4 3. Bf4 c5 4. f3 Qa5+ 5. c3 Nf6 6. d5 Qb6 7. e4 Qxb2 8. Nd2 Qxc3 9. Bc7 Qe3+ 10. Ne2 g6 11. Nc4 Qg5 12. Bf4 Qh5 13. Qd2 g5 14. Bxg5 Bg7 15. e5 Nxd5 16. Ng3 Qg6 17. Bd3 Qc6 18. Nf5 O-O 19. Be4 Qe6 20. Qxd5 Qxd5 21. Nxe7+ Kh8 22. Nxd5 Nc6 23. f4 b5 24. Nd6 b4 25.
O-O Ba6 26. Rfe1 h6 27. Bh4 Nd4 28. Rac1 Ne2+ 29. Rxe2 Bxe2 30. Be7 Rfb8 31. Nc7 b3 32. axb3 a5 33. Nxa8 Rxa8 34. Bxa8 a4 35. bxa4 1-0

[Event "Early-Titled-Tuesday-Blitz-March-19-2024"]
[Site "Chess.com"]
[Date "2024.03.19"]
[Round "3"]
[White "Navyblue1"]
[Black "Road2GM3000"]
[Result "1-0"]
[WhiteElo "2225"]
[BlackElo "2410"]
[TimeControl "180+1"]
[EndTime "8:28:34 PDT"]
[Termination "Navyblue1 won by resignation"]

1. d4 d5 2. c4 c6 3. cxd5 cxd5 4. Nc3 Nf6 5. Bf4 Nc6 6. e3 a6 7. Bd3 Bg4 8. Nge2 e6 9. O-O Bd6 10. Bxd6 Qxd6 11. Rc1 O-O 12. f3 Bh5 13. Re1 e5 14. dxe5 Nxe5 15. Nf4 Bg6 16. Bxg6 hxg6 17. Nfxd5 Rad8 18. e4 g5 19. Kh1 Ng6 20. Qc2 Nh5 21. Rcd1 Qb8 22. Ne2 Rde8 23. Qc1 Ngf4 24. Nexf4 gxf4 25. Kg1 Re6 26. Qc5 Rfe8 27. Rc1 Re5 28. Qf2 Rg5 29. Red1 Rg6 30. Nc3 Qe5 31. Rd5 Qe6 32. Rcd1 Nf6 33. Rd6 Qe7 34. Qd2 Kh7 35. Rd8 Rxd8 36. Qxd8 Qc5+ 37.
Qd4 Qc6 38. Nd5 Nxd5 39. exd5 Qd6 40. Qd3 Kh6 41. Kh1 Rg5 42. b3 Re5 43. Qd2 g5 44. h3 f5 45. a4 Kg6 46. Kh2 Re3 47. b4 g4 48. hxg4 fxg4 49. Qc2+ Kg5 50. Qc8 Qh6+ 51. Kg1 Re7 52. Qxg4+ Kf6 53. d6 Rg7 54. Qc8 Qg5 55.
Qd8+ Kg6 56. Qxg5+ Kxg5 57. d7 Rg8 58. d8=Q+ Rxd8 59.
Rxd8 Kf6 60. Rb8 a5 61. Rxb7 axb4 62. Rxb4 1-0

[Event "Early-Titled-Tuesday-Blitz-March-19-2024"]
[Site "Chess.com"]
[Date "2024.03.19"]
[Round "3"]
[White "Beca95"]
[Black "GoltsevDmitry2000"]
[Result "1-0"]
[WhiteElo "2985"]
[BlackElo "2764"]
[TimeControl "180+1"]
[EndTime "8:28:35 PDT"]
[Termination "Beca95 won by checkmate"]

1. d4 e6 2. Nf3 d5 3. c4 Nf6 4.
Nc3 c5 5. cxd5 exd5 6. Bg5 cxd4 7. Nxd4 Nc6 8. e3 Be7 9. Be2 h6 10. Bh4 O-O 11. O-O a6 12. Rc1 Nxd4 13. Qxd4 Be6 14.
Rfd1 Rc8 15. a3 b5 16. b4 Qd7 17. h3 Rc6 18. Na2 Rfc8 19. Rxc6 Qxc6 20. Rc1 Qb7 21.
Rxc8+ Qxc8 22. Nc3 Ne4 23. Bxe7 Qxc3 24. Qxc3 Nxc3 25. Bd3 Ne4 26. f3 Nd2 27. Bc5 Nc4 28. Bxc4 dxc4 29. Bd4 g6 30. Kf2 Kf8 31. e4 Ke7 32. Ke3 h5 33. h4 Kd6 34. Kf4 Kc6 35.
Bc3 Kd6 36. Kg5 Ke7 37. g4 hxg4 38. fxg4 Kf8 39. h5 gxh5 40. gxh5 Kg8 41. h6 Kh7 42. Bd2 Bh3 43. Kf6 Be6 44. Ke7 Kg6 45. Kd6 Kh7 46. Kc6 Kg6 47. Kb7 f5 48. e5 c3 49. Bc1 Bc4 50.
Kxa6 Kh7 51. Kb6 Kg6 52. Kc5 Kf7 53. a4 Bd3 54. a5 f4 55. Bxf4 Ke6 56. a6 Kd7 57. a7 Be4 58. h7 Bxh7 59. a8=Q Ke7 60. Qb7+ Ke6 61. Qxh7 c2 62. Qg6+ Ke7 63. Bg5+ Kd7 64.
Qd6+ Kc8 65. Qc6+ Kb8 66. Kb6 c1=Q 67. Qb7# 1-0

[Event "Early-Titled-Tuesday-Blitz-March-19-2024"]
[Site "Chess.com"]
[Date "2024.03.19"]
[Round "3"]
[White "Goryachkina"]
[Black "JosefineHeinemann"]
[Result "1/2-1/2"]
[WhiteElo "2644"]
[BlackElo "2460"]
[TimeControl "180+1"]
[EndTime "8:28:36 PDT"]
[Termination "Game drawn by repetition"]

1. e4 e5 2. Nf3 Nc6 3. Nc3 Nf6 4. Bb5 Bb4 5. O-O O-O 6. d3 Bxc3 7. bxc3 d6 8. Bg5 Qe7 9. Re1 Nd8 10. d4 Ne6 11.
Bc1 Nf4 12. a4 Ng6 13. h3 a6 14. Bf1 Bd7 15. a5 Bc6 16. d5 Bd7 17. Rb1 Rab8 18. Ba3 Nh5 19. c4 Nhf4 20. Qd2 f5 21. c5 fxe4 22. Rxe4 Nxh3+ 23. Kh2 Rxf3 24. gxf3 Nhf4 25. cxd6 cxd6 26. Qb4 Qh4+ 27. Kg1 Qg5+ 28. Kh2 Qh4+ 29. Kg1 Qg5+ 30. Kh2 Qh4+ 1/2-1/2

[Event "Early-Titled-Tuesday-Blitz-March-19-2024"]
[Site "Chess.com"]
[Date "2024.03.19"]
[Round "3"]
[White "Tonychess32"]
[Black "microbear"]
[Result "0-1"]
[WhiteElo "2518"]
[BlackElo "2311"]
[TimeControl "180+1"]
[EndTime "8:28:37 PDT"]
[Termination "microbear won by resignation"]

1. e4 c5 2. Nf3 d6 3. c3 Nf6 4. Bd3 Nc6 5. h3 g6 6. O-O Bg7 7. Re1 e5 8. Bc2 O-O 9. d3 Be6 10. a4 h6 11. Be3 a6 12. d4 cxd4 13. cxd4 Bd7 14. Nc3 Rc8 15. dxe5 dxe5 16. Bb3 Re8 17. Qe2 Qc7 18. Rac1 Be6 19. Nd5 Qb8 20. Bb6 Bxd5 21. exd5 Nd4 22. Rxc8 Nxe2+ 23. Rxe2 Qxc8 24.
d6 Nd7 25. Bc7 Nc5 26. Ba2 Ne6 27. Rc2 Nxc7 28. Rxc7 Qf5 29. Nh4 Qf6 30. d7 Rd8 31.
Nf3 Qe7 32. Rxb7 Rxd7 33. Rb8+ Kh7 34. a5 e4 35. Nh2 Rd1+ 36. Nf1 e3 37. fxe3 Qxe3+ 0-1

[Event "Early-Titled-Tuesday-Blitz-March-19-2024"]
[Site "Chess.com"]
[Date "2024.03.19"]
[Round "3"]
[White "Pumpkin_in_moonlight"]
[Black "LileKoridze"]
[Result "0-1"]
[WhiteElo "2249"]
[BlackElo "2449"]
[TimeControl "180+1"]
[EndTime "8:28:37 PDT"]
[Termination "LileKoridze won on time"]

1. e4 c5 2. Nf3 d6 3. Bb5+ Nd7 4.
O-O Nf6 5. Re1 e5 6. c3 Be7 7. d4 O-O 8. Nbd2 exd4 9. cxd4 cxd4 10. Nxd4 Ne5 11. h3 d5 12. exd5 Qxd5 13. N2f3 Nxf3+ 14. Nxf3 Qxb5 15. Rxe7 Bf5 16. Re5 Qd3 17. Qxd3 Bxd3 18.
Be3 a6 19. Rc1 Be4 20. Nd2 Bc6 21. Nb3 Rfe8 22. Rxe8+ Rxe8 23. Na5 Bd5 24. b3 h6 25. Rc7 Rb8 26. Ba7 Ra8 27. Bb6 Rb8 28. Ba7 Re8 29.
Nxb7 Re1+ 30. Kh2 Ne8 31. Rd7 Bc6 32. Rd8 Bxb7 33. Rb8 Bc6 34. Be3 Kh7 35. Rc8 Bd7 36. Rd8 Rd1 37. Ra8 Bb5 38. a4 Bc6 39. Rxa6 Bd5 0-1

[Event "Early-Titled-Tuesday-Blitz-March-19-2024"]
[Site "Chess.com"]
[Date "2024.03.19"]
[Round "3"]
[White "Iball95"]
[Black "AttackSparrow"]
[Result "1/2-1/2"]
[WhiteElo "2894"]
[BlackElo "2647"]
[TimeControl "180+1"]
[EndTime "8:28:39 PDT"]
[Termination "Game drawn by repetition"]

1. e4 e5 2. Nf3 Nc6 3. Nc3 Nf6 4.
Bb5 Bd6 5. a3 O-O 6. d3 Nd4 7.
Bc4 c6 8. Be3 Nxf3+ 9. Qxf3 Be7 10. h3 d6 11. g4 Be6 12. g5 Nd7 13. h4 b5 14. Bxe6 fxe6 15. Qg4 Kh8 16. Qxe6 a5 17. Ne2 d5 18. exd5 cxd5 19. Qxd5 Qc7 20. c3 Rad8 21. Qe4 b4 22. axb4 axb4 23. O-O Nc5 24. Bxc5 Bxc5 25. Kg2 Rf7 26. Ra8 Rxa8 27. Qxa8+ Rf8 28. Qe4 bxc3 29.
bxc3 Bd6 30. Ra1 Qb6 31. d4 exd4 32. cxd4 Qd8 33. Ra7 Re8 34. Qd5 Qb8 35. Rb7 Qc8 36. Ng1 Qg4+ 37. Kf1 Qd1+ 38. Kg2 Qg4+ 39. Kf1 Qd1+ 40.
Kg2 Qg4+ 1/2-1/2

[Event "Early-Titled-Tuesday-Blitz-March-19-2024"]
[Site "Chess.com"]
[Date "2024.03.19"]
[Round "3"]
[White "nikitakhoroshev"]
[Black "Rud_Makarian"]
[Result "1-0"]
[WhiteElo "2695"]
[BlackElo "2964"]
[TimeControl "180+1"]
[EndTime "8:28:39 PDT"]
[Termination "nikitakhoroshev won by checkmate"]

1. e4 c5 2. Nf3 d6 3. d4 cxd4 4. Nxd4 Nf6 5. Nc3 a6 6. Bg5 Nbd7 7. h3 e6 8. g4 b5 9. Bg2 Bb7 10. Qe2 b4 11. Nd1 Qc7 12. Bh4 h6 13. Bg3 Qb6 14. c3 bxc3 15. bxc3 Be7 16. O-O O-O 17. Nb2 Rac8 18.
Rfb1 Qc7 19. Nd1 Nc5 20. f3 Na4 21. Rc1 Nd7 22. Rab1 Rb8 23. Bf1 Rfc8 24. Qd2 Ne5 25. Kg2 Bg5 26. Bf4 Bxf4 27. Qxf4 Ng6 28. Qe3 Nc5 29. Nf2 d5 30. exd5 Nh4+ 31. Kh1 Bxd5 32. Rxb8 Bxf3+ 33. Nxf3 Rxb8 34. Nxh4 Rb2 35. Ng2 Rxa2 36.
c4 a5 37. Nd3 Nb3 38. Rb1 a4 39. c5 Nd2 40. Rd1 Nb3 41. Nb4 Rb2 42. c6 Qa5 43. Qc3 Nd4 44. Qxb2 e5 45. Rxd4 exd4 46. Qxd4 a3 47.
Qc3 a2 48. Nxa2 Qa6 49. Bxa6 f5 50. c7 h5 51. c8=Q+ Kf7 52. Q3c7+ Kg6 53. Qxf5+ Kh6 54. Qxh5# 1-0

[Event "Early-Titled-Tuesday-Blitz-March-19-2024"]
[Site "Chess.com"]
[Date "2024.03.19"]
[Round "3"]
[White "hitaman"]
[Black "toninhojit"]
[Result "1/2-1/2"]
[WhiteElo "2706"]
[BlackElo "2497"]
[TimeControl "180+1"]
[EndTime "8:28:39 PDT"]
[Termination "Game drawn - insufficient material"]

1. e4 e5 2. Nf3 Nc6 3. Nc3 Nf6 4. d4 exd4 5. Nxd4 Nxe4 6. Nxc6 Nxc3 7. Nxd8 Nxd1 8. Nxf7 Kxf7 9. Bc4+ Kg6 10. Kxd1 Bc5 11.
f3 d5 12. Bd3+ Bf5 13. Bxf5+ Kxf5 14. Ke2 Rhe8+ 15. Kd3 Re7 16. Bd2 Rae8 17. Rae1 h5 18. Rxe7 Rxe7 19. g3 Bb6 20. b3 c6 21. h3 Kg6 22. a4 Bc7 23. g4 hxg4 24. hxg4 Rf7 25.
Rh3 Bf4 26. Bxf4 Rxf4 27. Ke3 Rf8 28. Rh5 Re8+ 29. Kd3 Re1 30. Rh8 Rd1+ 31. Ke2 Rc1 32. Kd2 Rf1 33. Rb8 b6 34. Rc8 c5 35. Rf8 d4 36. f4 Rg1 37. f5+ Kg5 38. Rf7 Rxg4 39.
Rxg7+ Kxf5 40. Rxa7 Ke4 41. Rb7 Rg6 42. Rd7 Rh6 43. Kc1 Rg6 44. Kb2 Ke5 45. Rd8 Rd6 46. Rxd6 Kxd6 47. Kc1 Kc6 48. Kd2 b5 49. axb5+ Kxb5 50. Kd3 Kb4 51. Kd2 c4 52. bxc4 Kxc4 53. Ke2 Kc3 54.
Kd1 d3 55. cxd3 Kxd3 1/2-1/2

[Event "Early-Titled-Tuesday-Blitz-March-19-2024"]
[Site "Chess.com"]
[Date "2024.03.19"]
[Round "3"]
[White "FairChess_on_YouTube"]
[Black "Sattarov_Bobur"]
[Result "1-0"]
[WhiteElo "3133"]
[BlackElo "2825"]
[TimeControl "180+1"]
[EndTime "8:28:42 PDT"]
[Termination "FairChess_on_YouTube won by resignation"]

1. Nf3 Nf6 2. c4 g6 3. b4 Bg7 4.
Bb2 b6 5. g3 Bb7 6. Bg2 O-O 7.
O-O d6 8. d3 e5 9. Nc3 Nbd7 10.
a4 a5 11. b5 Re8 12. Nd2 Bxg2 13. Kxg2 Nc5 14. Nde4 Nfd7 15. Nd5 f5 16. Nxc5 Nxc5 17.
Qc2 Qd7 18. Rad1 h5 19. Rg1 Ne6 20. e3 Rf8 21. f3 Rae8 22. Kh1 g5 23. Rdf1 Qf7 24.
f4 g4 25. fxe5 dxe5 26. Ba3 Ng5 27. Bxf8 Bxf8 28. Qe2 Bc5 29. Rg2 Nh3 30. Qb2 Re6 31. e4 f4 32. gxf4 exf4 33. d4 Bf8 34. e5 Bg7 35.
Qc2 f3 36. Rg3 Bh6 37. Rfxf3 Qh7 38. Nf6+ Rxf6 39. Qxh7+ Kxh7 40. Rxf6 1-0

[Event "Early-Titled-Tuesday-Blitz-March-19-2024"]
[Site "Chess.com"]
[Date "2024.03.19"]
[Round "3"]
[White "kpio91"]
[Black "koncheto"]
[Result "1-0"]
[WhiteElo "2837"]
[BlackElo "2511"]
[TimeControl "180+1"]
[EndTime "8:28:42 PDT"]
[Termination "kpio91 won on time"]

1. g3 d5 2. Bg2 Nf6 3. Nf3 Bf5 4. O-O h6 5. d3 e6 6. Qe1 Be7 7. Nbd2 c5 8. e4 Bh7 9. b3 Nc6 10. Bb2 O-O 11. Qe2 dxe4 12. dxe4 Qc7 13. e5 Nd5 14. Ne4 Rfd8 15. Rad1 Nb6 16. c4 a5 17. a4 Rxd1 18.
Rxd1 Rd8 19. Rxd8+ Qxd8 20. Nfd2 Nd4 21. Qe3 Nd7 22. Bxd4 cxd4 23. Qxd4 Qc7 24. f4 g5 25. Nd6 gxf4 26. gxf4 Nc5 27. Bf3 Qb6 28. Nb5 Qd8 29. Qxd8+ Bxd8 30. Kf1 Bb6 31. Ke2 Bc2 32. Nd4 1-0

[Event "Early-Titled-Tuesday-Blitz-March-19-2024"]
[Site "Chess.com"]
[Date "2024.03.19"]
[Round "3"]
[White "ChessAdvanceUSA"]
[Black "SirStrateg"]
[Result "0-1"]
[WhiteElo "2434"]
[BlackElo "2640"]
[TimeControl "180+1"]
[EndTime "8:28:43 PDT"]
[Termination "SirStrateg won by resignation"]

1. Nc3 d6 2. d4 Nf6 3. Bg5 Nbd7 4. e4 h6 5. Bh4 c6 6. Qd2 g5 7. Bg3 Nh5 8. O-O-O Bg7 9. Be2 Nxg3 10. hxg3 b5 11. f4 b4 12. Na4 Qa5 13. b3 Nf6 14. Bf3 g4 15. e5 Nd5 16. Bxd5 cxd5 17. Ne2 Bd7 18. Kb1 Bxa4 19. bxa4 Qxa4 20. Nc1 Rc8 21.
Nb3 dxe5 22. fxe5 e6 23. Rdf1 Qb5 24. Qf4 Rc7 25. Qxg4 Bf8 26. Rf2 h5 27. Rxh5 Rxh5 28.
Qxh5 a5 29. Qe2 Qxe2 30. Rxe2 a4 31. Nc1 Rc3 32. Nd3 Rc4 33. Re3 Rxd4 34. Kb2 Re4 35. Rxe4 dxe4 36. Nf4 Bg7 37. a3 Bxe5+ 38. Ka2 Bxf4 39.
gxf4 bxa3 40. Kxa3 e3 0-1

[Event "Early-Titled-Tuesday-Blitz-March-19-2024"]
[Site "Chess.com"]
[Date "2024.03.19"]
[Round "3"]
[White "Kunalm64"]
[Black "JoliyRoger"]
[Result "1-0"]
[WhiteElo "2632"]
[BlackElo "2437"]
[TimeControl "180+1"]
[EndTime "8:28:43 PDT"]
[Termination "Kunalm64 won on time"]

1. e4 c6 2. d4 d5 3. e5 Bf5 4. h4 Qb6 5. a4 h6 6. a5 Qc7 7. g4 Bd7 8. Nc3 e6 9. f4 c5 10. Nb5 Bxb5 11. Bxb5+ Nc6 12. a6 b6 13. Nf3 h5 14. f5 hxg4 15. Ng5 exf5 16. Bf4 Nh6 17.
Qd2 O-O-O 18. c3 Na5 19. Qf2 Nb3 20. Rd1 c4 21. O-O Kb8 22. Bg3 Ka8 23. Rde1 Be7 24. e6 Bd6 25. Bxd6 Rxd6 26. exf7 Nxf7 27. Qxf5 Nh6 28. Qf4 Qd8 29. Re6 1-0

[Event "Early-Titled-Tuesday-Blitz-March-19-2024"]
[Site "Chess.com"]
[Date "2024.03.19"]
[Round "3"]
[White "Barbix1"]
[Black "Herzog2012"]
[Result "0-1"]
[WhiteElo "2280"]
[BlackElo "2521"]
[TimeControl "180+1"]
[EndTime "8:28:43 PDT"]
[Termination "Herzog2012 won by resignation"]

1. d4 Nf6 2. c4 e6 3. Nf3 b6 4. g3 Ba6 5. b3 b5 6. cxb5 Bxb5 7. Bg2 Bb4+ 8. Bd2 a5 9. O-O O-O 10. Nc3 Ba6 11. Re1 d5 12. Na4 Bb5 13. Nb2 Ne4 14. a3 Bxd2 15. Nxd2 Nc3 16. Qc2 Nxe2+ 17. Kh1 Nxd4 18.
Qc5 Nbc6 19. Nf3 Nxf3 20. Bxf3 Na7 21. a4 Bd7 22. Rac1 Nc6 23. Nd3 Rb8 24. Rc3 Qf6 25.
Nf4 e5 26. Nxd5 Qd6 27. Qxd6 cxd6 28. Rxc6 Bxc6 29. Ne7+ Kh8 30. Nxc6 Rxb3 31. Bd5 Rd3 32. Be4 Ra3 33. Nxa5 Rxa4 34. Nc6 Ra2 35. Kg2 Rd2 36.
Rc1 f5 37. Bf3 e4 38. Bd1 e3 39. Bb3 Rxf2+ 40. Kg1 g5 41. h4 f4 42. g4 f3 43. Rc3 Rg2+ 44. Kh1 e2 45. Rxf3 e1=Q+ 0-1

[Event "Early-Titled-Tuesday-Blitz-March-19-2024"]
[Site "Chess.com"]
[Date "2024.03.19"]
[Round "3"]
[White "chess94cu"]
[Black "Lukianoo"]
[Result "0-1"]
[WhiteElo "2630"]
[BlackElo "2823"]
[TimeControl "180+1"]
[EndTime "8:28:44 PDT"]
[Termination "Lukianoo won by resignation"]

1. e4 c6 2. d4 d5 3. exd5 cxd5 4. c4 Nf6 5. Nc3 Nc6 6. Bg5 Be6 7. Nf3 g6 8. Be2 Bg7 9. O-O O-O 10. c5 Ne4 11.
Be3 f5 12. Bb5 f4 13. Bc1 Bg4 14. Bxc6 bxc6 15. h3 Bf5 16. Re1 Qd7 17. Ne5 Bxe5 18.
dxe5 Bxh3 19. Nxe4 dxe4 20. Qxd7 Bxd7 21. Rxe4 g5 22.
e6 Be8 23. Bd2 Bg6 24. Re5 h6 25. Ba5 Rf5 26. Rae1 Rb8 27. b4 Rxe5 28. Rxe5 Kg7 29.
Re1 Kf6 30. Bc7 Rxb4 31. Be5+ Kf5 32. Bd6 exd6 33. cxd6 Rd4 34. d7 c5 35. f3 c4 36.
e7 Rxd7 37. e8=Q Bxe8 38. Rxe8 Rc7 39. Re2 c3 40. Rc2 Ke5 41. Kf2 Kd4 42. Ke2 Rb7 43. Kd1 Rb2 44. Rxb2 cxb2 45. Kc2 h5 46. Kxb2 g4 47. Kc2 gxf3 48. gxf3 h4 49. Kd2 h3 50. Ke2 h2 0-1

[Event "Early-Titled-Tuesday-Blitz-March-19-2024"]
[Site "Chess.com"]
[Date "2024.03.19"]
[Round "3"]
[White "jimmy-schlumpf"]
[Black "Likvidator228"]
[Result "1-0"]
[WhiteElo "2353"]
[BlackElo "2588"]
[TimeControl "180+1"]
[EndTime "8:28:45 PDT"]
[Termination "jimmy-schlumpf won by resignation"]

1. d4 f5 2. Nf3 Nf6 3. c4 g6 4. g3 Bg7 5. Bg2 O-O 6. O-O d6 7.
Nc3 c6 8. d5 e5 9. dxe6 Bxe6 10. b3 Ne4 11. Nxe4 Bxa1 12. Nxd6 Qe7 13. Ba3 Bf6 14. Qc1 Qg7 15. Ng5 Bxg5 16. Qxg5 Na6 17. Qe3 Bf7 18. Rb1 Rfe8 19. Nxe8 Rxe8 20. Qd2 h6 21. Bb2 Qf8 22. Rd1 Nc5 23. e3 Kh7 24. Qd4 Ne6 25. Qxa7 Qe7 26. Qa5 h5 27. Qc3 h4 28. b4 hxg3 29. hxg3 g5 30. Bf3 g4 31. Be2 Kg6 32. Kg2 Qf8 33. Qf6+ Kh7 34. Rh1+ 1-0

[Event "Early-Titled-Tuesday-Blitz-March-19-2024"]
[Site "Chess.com"]
[Date "2024.03.19"]
[Round "3"]
[White "AccioChess"]
[Black "AlanZhang"]
[Result "1-0"]
[WhiteElo "2442"]
[BlackElo "2231"]
[TimeControl "180+1"]
[EndTime "8:28:45 PDT"]
[Termination "AccioChess won by resignation"]

1. e4 e5 2. Nf3 Nc6 3. Bb5 a6 4. Ba4 Nf6 5. O-O Be7 6. Re1 b5 7. Bb3 d6 8. c3 O-O 9. h3 Na5 10. Bc2 c5 11. d4 cxd4 12. cxd4 Qc7 13. Nc3 Be6 14. Bg5 h6 15. Bxf6 Bxf6 16. dxe5 dxe5 17. Rc1 Rfd8 18. Nd5 Bxd5 19. exd5 Qd6 20. b3 Rac8 21. Be4 Nb7 22. Rxc8 Rxc8 23. Nd2 Nc5 24. Qg4 Rd8 25.
b4 Nd7 26. Rc1 Kf8 27. a3 Nb6 28. Rc6 Qb8 29. Nb3 Rd6 30. Nc5 Ke7 31. Nxa6 Qd8 32. Rc7+ Kf8 33. g3 Nc4 34. Rc8 Rxa6 35. Rxd8+ Bxd8 36.
Qc8 1-0

[Event "Early-Titled-Tuesday-Blitz-March-19-2024"]
[Site "Chess.com"]
[Date "2024.03.19"]
[Round "3"]
[White "atalz0"]
[Black "Carlos-Godoy"]
[Result "1-0"]
[WhiteElo "2374"]
[BlackElo "2082"]
[TimeControl "180+1"]
[EndTime "8:28:46 PDT"]
[Termination "atalz0 won on time"]

1. d4 Nf6 2. c4 c5 3. d5 b5 4. cxb5 a6 5. f3 e6 6. e4 exd5 7. exd5 Bd6 8. Nc3 O-O 9. Bc4 axb5 10. Nxb5 Qb6 11. Ne2 Ba6 12. a4 Bxb5 13. Bxb5 Na6 14.
O-O Nb4 15. Nc3 c4+ 16. Kh1 Qc5 17. Bg5 Nfxd5 18. Ne4 Qc7 19. Nxd6 Qxd6 20. Bxc4 Qe5 21. Qd2 Rac8 22. Rfe1 Qf5 23. b3 Rfe8 24. Rac1 Rxe1+ 25. Rxe1 Nc2 26. Rd1 Ndb4 27. Qxd7 Qxd7 28. Rxd7 h6 29. Bd2 Rc5 30. Bxf7+ Kh7 31. Bc4 Re5 32. h3 Nc6 33. Bc3 1-0

[Event "Early-Titled-Tuesday-Blitz-March-19-2024"]
[Site "Chess.com"]
[Date "2024.03.19"]
[Round "3"]
[White "MightyMike_009"]
[Black "sorch29"]
[Result "1-0"]
[WhiteElo "2721"]
[BlackElo "2492"]
[TimeControl "180+1"]
[EndTime "8:28:47 PDT"]
[Termination "MightyMike_009 won by resignation"]

1. d4 d5 2. c4 dxc4 3. Nf3 Nf6 4. e3 e6 5. Bxc4 c5 6. O-O a6 7. Bb3 b5 8. a4 c4 9. Bc2 Bb7 10. b3 cxb3 11. Bxb3 b4 12. a5 Be7 13. Nbd2 O-O 14. Bb2 Bd5 15. Nc4 Nbd7 16. Nfe5 Qc7 17. Rc1 Qb7 18.
f3 Nxe5 19. dxe5 Nd7 20. Nd6 Bxd6 21. Bxd5 exd5 22. exd6 Rac8 23. Qd4 Nf6 24. Qf4 Nd7 25. Rc7 Rxc7 26. dxc7 Rc8 27. Qg4 f6 28. Qe6+ Kh8 29. Qxd7 Qxc7 30. Qxc7 Rxc7 31. Rc1 Rc4 32. e4 Kg8 33. exd5 Rxc1+ 34. Bxc1 Kf8 35. Be3 b3 36. Bc5+ Ke8 37. Ba3 Kd7 38. Kf2 b2 39. Bxb2 Kd6 40. Ba3+ Kxd5 41. Bf8 g6 42. Bg7 f5 43. g3 Kc4 44.
Ke3 1-0

[Event "Early-Titled-Tuesday-Blitz-March-19-2024"]
[Site "Chess.com"]
[Date "2024.03.19"]
[Round "3"]
[White "vladoboch"]
[Black "edgarhay012"]
[Result "1-0"]
[WhiteElo "2474"]
[BlackElo "2648"]
[TimeControl "180+1"]
[EndTime "8:28:48 PDT"]
[Termination "vladoboch won by resignation"]

1. e4 e6 2. d4 d5 3. e5 c5 4. c3 Qb6 5. Nf3 Nc6 6. Bd3 Bd7 7. O-O cxd4 8. Re1 Nh6 9. h4 Be7 10. h5 Rc8 11. a3 dxc3 12. Nxc3 Na5 13. Be3 Qxb2 14.
Nb5 Bxb5 15. Rb1 Qxa3 16. Bxb5+ Nc6 17. Nd4 Qa5 18. Ra1 Qd8 19. Rxa7 O-O 20. Rxb7 Nxd4 21.
Bxh6 gxh6 22. Qxd4 Bb4 23. Re3 Bc5 24. Rg3+ Kh8 25.
Qf4 Be7 26. Rd7 Bg5 27. Qf3 Qa5 28. Rxg5 hxg5 29. Qf6+ Kg8 30. h6 Rc1+ 31. Kh2 Rh1+ 32. Kxh1 Qe1+ 33. Kh2 Qxe5+ 34. Qxe5 1-0

[Event "Early-Titled-Tuesday-Blitz-March-19-2024"]
[Site "Chess.com"]
[Date "2024.03.19"]
[Round "3"]
[White "bobo_panda"]
[Black "HelvertHernandez"]
[Result "1/2-1/2"]
[WhiteElo "2349"]
[BlackElo "2029"]
[TimeControl "180+1"]
[EndTime "8:28:48 PDT"]
[Termination "Game drawn by repetition"]

1. e4 c5 2. Nf3 Nc6 3. d4 cxd4 4. Nxd4 Nf6 5. Nc3 e5 6. Ndb5 d6 7. Bg5 a6 8. Na3 b5 9. Nd5 Be7 10. Bxf6 Bxf6 11. c3 O-O 12. Nc2 Bg5 13. a4 bxa4 14.
Rxa4 a5 15. Bc4 Bd7 16. Ra2 Kh8 17. h4 Bh6 18. Nce3 Bxe3 19. Nxe3 Be6 20. Bd5 Rc8 21.
h5 h6 22. O-O Ne7 23. Qd2 Nxd5 24. Nxd5 Rc5 25. Ne3 f5 26. Ra4 f4 27. Nf5 Bxf5 28. exf5 Rxf5 29. Rd1 Rxh5 30. Qxd6 Qh4 31. Qd8+ Kh7 32.
Qxh4 Rxh4 33. Rda1 Rb5 34. R1a2 Rh5 35. Rxa5 e4 36.
Rxb5 Rxb5 37. Ra4 Rxb2 38. Rxe4 Rc2 39. c4 g5 40. f3 Kg6 41. Re6+ Kg7 42. Rc6 h5 43. c5 g4 44. fxg4 hxg4 45. Rc7+ Kg6 46. c6 Kg5 47. Rg7+ Kh4 48. c7 Kg3 49. Kf1 Rc1+ 50.
Ke2 Kxg2 51. Rxg4+ Kh3 52. Rg7 Rc3 53. Kd2 Rc6 54. Kd3 f3 55. Ke3 Rc3+ 56. Kf2 Kh4 57. Ke1 Rc2 58. Kd1 Rc5 59. Kd2 f2 60. Ke2 Rc2+ 61.
Kf1 Kh3 62. Rh7+ Kg3 63. Rg7+ Kf3 64. Rf7+ Ke3 65. Re7+ Kf3 66. Rf7+ Kg3 67. Rg7+ Kf3 68. Rf7+ 1/2-1/2